PL
BROOKLYN DODGERS @ ATLANTA SMOKE
08/22/2019
 
TOP OF THE 1ST
Brooklyn Dodgers batting - Pitching for Atlanta Smoke : LHP Jesús Martínez
Pitching: LHP Jesús Martínez
Batting: RHB Sean Davis 0-0: Ball
1-0: Ball
2-0: Ball
3-0: Base on Balls
Batting: LHB Rubén López 0-0: Ball
1-0: Ball
2-0: Foul Ball, location: 2F
2-1: Ball
3-1: SINGLE (Groundball, 34)
Sean Davis to second
Runner from 2nd tries for 3rd, SAFE, no throw or cutoff
Batting: RHB Thom Wilcox 0-0: Called Strike
0-1: Ball
1-1: Called Strike
1-2: Strikes out looking
Batting: LHB Ray Sears 0-0: Ball
1-0: Ball
2-0: Ball
3-0: Called Strike
3-1: Foul Ball, location: 2F
3-2: Foul Ball, location: 2F
3-2: Base on Balls
Rubén López to second
Batting: LHB Pancho García 0-0: Ball
1-0: Ball
2-0: Ball
3-0: Base on Balls
Sean Davis scores
Rubén López to third
Ray Sears to second
Batting: LHB Chris Gregory 0-0: Foul Ball, location: 2F
0-1: SINGLE (Line Drive, 4M)
Rubén López scores
Ray Sears to third
Pancho García to second
Runner from 3rd tries for Home, SAFE, no throw or cutoff
Batting: LHB Roberto Rodríguez 0-0: Called Strike
0-1: Foul Ball, location: 2F
0-2: Ball
1-2: Strikes out swinging
Batting: RHB Pedro Cruz 0-0: Called Strike
0-1: Ball
1-1: Ball
2-1: Ball
3-1: Fielders Choice at 2nd, 6-4 (Groundball, 6)
Top of the 1st over - 3 run(s), 2 hit(s), 0 error(s), 1 left on base; Brooklyn 3 - Atlanta 0
BOTTOM OF THE 1ST
Atlanta Smoke batting - Pitching for Brooklyn Dodgers : LHP Ryan Ray
Pitching: LHP Ryan Ray
Batting: RHB Nathan Horton 0-0: Called Strike
0-1: Ground out 6-3 (Groundball, 6)
Batting: RHB Mal Bussard 0-0: Called Strike
0-1: Swinging Strike
0-2: Ball
1-2: Ball
2-2: Foul Ball, location: 2F
2-2: Ball
3-2: Foul Ball, location: 2F
3-2: Foul Ball, location: 2F
3-2: Strikes out swinging
Batting: RHB Bob Campbell 0-0: Called Strike
0-1: Swinging Strike
0-2: Foul Ball, location: 2F
0-2: Ball
1-2: Ball
2-2: Foul Ball, location: 2F
2-2: Ball
3-2: Foul Ball, location: 2F
3-2: Base on Balls
Batting: LHB Albert Morán 0-0: Ball
1-0: Called Strike
1-1: Ball
2-1: Ground out U3 (Groundball, 3L)
Bottom of the 1st over - 0 run(s), 0 hit(s), 0 error(s), 1 left on base; Brooklyn 3 - Atlanta 0
TOP OF THE 2ND
Brooklyn Dodgers batting - Pitching for Atlanta Smoke : LHP Jesús Martínez
Batting: SHB Ryan Ray 0-0: Called Strike
0-1: Swinging Strike
0-2: Fly out, F8 (Flyball, 8LS)
Batting: RHB Sean Davis 0-0: Called Strike
0-1: DOUBLE (Popup, 9LS)
Batting: LHB Rubén López 0-0: Called Strike
0-1: Ball
1-1: 2-RUN HOME RUN (Flyball, 89XD), Distance : 433 ft
Batting: RHB Thom Wilcox 0-0: Ground out 5-3 (Groundball, 5L)
Batting: LHB Ray Sears 0-0: Ball
1-0: Called Strike
1-1: Foul Ball, location: 2F
1-2: Foul Ball, location: 2F
1-2: Ball
2-2: Ball
3-2: Fly out, F7 (Flyball, 78D)
Top of the 2nd over - 2 run(s), 2 hit(s), 0 error(s), 0 left on base; Brooklyn 5 - Atlanta 0
BOTTOM OF THE 2ND
Atlanta Smoke batting - Pitching for Brooklyn Dodgers : LHP Ryan Ray
Batting: LHB Juan Valdéz 0-0: Foul Ball, location: 2F
0-1: Foul Ball, location: 2F
0-2: Strikes out swinging
Batting: RHB Leandro Tuzzi 0-0: Fly out, F4 (Popup, 4)
Batting: RHB Russell Jackson 0-0: Foul Ball, location: 2F
0-1: Ball
1-1: Foul Ball, location: 2F
1-2: Ball
2-2: Ball
3-2: Strikes out looking
Bottom of the 2nd over - 0 run(s), 0 hit(s), 0 error(s), 0 left on base; Brooklyn 5 - Atlanta 0
TOP OF THE 3RD
Brooklyn Dodgers batting - Pitching for Atlanta Smoke : LHP Jesús Martínez
Batting: LHB Pancho García 0-0: Swinging Strike
0-1: Ground out 3-1 (Groundball, 34)
Batting: LHB Chris Gregory 0-0: Called Strike
0-1: Swinging Strike
0-2: Ball
1-2: Foul Ball, location: 2F
1-2: Foul Ball, location: 2F
1-2: Ball
2-2: Foul Ball, location: 2F
2-2: Strikes out swinging
Batting: LHB Roberto Rodríguez 0-0: SINGLE (Line Drive, 89S)
Batting: RHB Pedro Cruz 0-0: Ball
1-0: Called Strike
Roberto Rodríguez is caught stealing 2nd base
Top of the 3rd over - 0 run(s), 1 hit(s), 0 error(s), 0 left on base; Brooklyn 5 - Atlanta 0
BOTTOM OF THE 3RD
Atlanta Smoke batting - Pitching for Brooklyn Dodgers : LHP Ryan Ray
Batting: LHB Mike Blue 0-0: Called Strike
0-1: Ball
1-1: Ball
2-1: Ground out 6-3 (Groundball, 6)
Pinch Hitting: RHB Stan Hughes 0-0: DOUBLE (Flyball, 78M)
Batting: RHB Nathan Horton 0-0: Called Strike
0-1: Foul Ball, location: 2F
0-2: Ball
1-2: SINGLE (Line Drive, 8LS)
Stan Hughes to third
Runner from 3rd tries for Home, SAFE, throw made home
Nathan Horton to second
Batting: RHB Mal Bussard 0-0: Swinging Strike
0-1: Swinging Strike
0-2: Ball
1-2: Foul Ball, location: 2F
1-2: Ball
Wild Pitch!
Nathan Horton to third
2-2: Ball
3-2: Foul Ball, location: 2F
3-2: DOUBLE (Flyball, 89D)
Nathan Horton scores
Batting: RHB Bob Campbell 0-0: Foul Ball, location: 2F
0-1: Foul Ball, location: 2F
0-2: Foul Ball, location: 2F
0-2: Ball
1-2: Ball
2-2: Foul Ball, location: 2F
2-2: Foul Ball, location: 2F
2-2: SINGLE (Groundball, 5L)
Mal Bussard to third
Batting: LHB Albert Morán 0-0: Called Strike
0-1: Swinging Strike
0-2: Foul Ball, location: 2F
0-2: Ball
1-2: Strikes out swinging
Batting: LHB Juan Valdéz 0-0: Ball
1-0: Foul Ball, location: 2F
1-1: Foul Ball, location: 2F
1-2: Ground out 2-3 (Groundball, 2L)
Bottom of the 3rd over - 2 run(s), 4 hit(s), 0 error(s), 2 left on base; Brooklyn 5 - Atlanta 2
TOP OF THE 4TH
Brooklyn Dodgers batting - Pitching for Atlanta Smoke : LHP Jesús Martínez
Pitching: RHP Lance Hodges
Batting: RHB Pedro Cruz 0-0: Called Strike
0-1: Ball
1-1: SINGLE (Groundball, 56D)
Batting: SHB Ryan Ray 0-0: Bunted foul
0-1: Bunted foul
0-2: Bunted foul, Strikeout!
Batting: RHB Sean Davis 0-0: Ball
1-0: SINGLE (Flyball, 9LS)
Pedro Cruz to second
Runner from 2nd tries for 3rd, OUT!
Sean Davis to second
Batting: LHB Rubén López 0-0: Ball
1-0: Called Strike
1-1: Ground out 4-3 (Groundball, 4M)
Top of the 4th over - 0 run(s), 2 hit(s), 0 error(s), 1 left on base; Brooklyn 5 - Atlanta 2
BOTTOM OF THE 4TH
Atlanta Smoke batting - Pitching for Brooklyn Dodgers : LHP Ryan Ray
Batting: RHB Leandro Tuzzi 0-0: Called Strike
0-1: Ball
1-1: Called Strike
1-2: Strikes out swinging
Batting: RHB Russell Jackson 0-0: Ball
1-0: Foul Ball, location: 2F
1-1: Fly out, F4 (Popup, 6MD)
Batting: LHB Mike Blue 0-0: Fly out, F5 (Popup, 56)
Bottom of the 4th over - 0 run(s), 0 hit(s), 0 error(s), 0 left on base; Brooklyn 5 - Atlanta 2
TOP OF THE 5TH
Brooklyn Dodgers batting - Pitching for Atlanta Smoke : RHP Lance Hodges
Batting: RHB Thom Wilcox 0-0: Fly out, F7 (Line Drive, 7D)
Batting: LHB Ray Sears 0-0: Ball
1-0: Foul Ball, location: 2F
1-1: Ball
2-1: Called Strike
2-2: Foul Ball, location: 2F
2-2: Foul Ball, location: 2F
2-2: Foul Ball, location: 2F
2-2: SINGLE (Line Drive, 8RS)
Batting: LHB Pancho García 0-0: Ball
Wild Pitch!
Ray Sears to second
1-0: Ball
2-0: Called Strike
2-1: Ground out U3 (Groundball, 3L)
Ray Sears to third
Batting: LHB Chris Gregory 0-0: Ball
1-0: Ball
2-0: Swinging Strike
2-1: Fly out, F8 (Line Drive, 8RXD)
Top of the 5th over - 0 run(s), 1 hit(s), 0 error(s), 1 left on base; Brooklyn 5 - Atlanta 2
BOTTOM OF THE 5TH
Atlanta Smoke batting - Pitching for Brooklyn Dodgers : LHP Ryan Ray
Batting: RHB Lance Hodges 0-0: Ball
1-0: Ball
2-0: Foul Ball, location: 2F
2-1: Foul Ball, location: 2F
2-2: Strikes out swinging
Batting: RHB Nathan Horton 0-0: Ball
1-0: Ball
2-0: Foul Ball, location: 2F
2-1: Swinging Strike
2-2: Fly out, F8 (Flyball, 8RS)
Batting: RHB Mal Bussard 0-0: Called Strike
0-1: Ball
1-1: Fly out, F8 (Flyball, 89D)
Bottom of the 5th over - 0 run(s), 0 hit(s), 0 error(s), 0 left on base; Brooklyn 5 - Atlanta 2
TOP OF THE 6TH
Brooklyn Dodgers batting - Pitching for Atlanta Smoke : RHP Lance Hodges
Batting: LHB Roberto Rodríguez 0-0: Foul Ball, location: 2F
0-1: Ball
1-1: Fly out, F7 (Flyball, 78M)
Batting: RHB Pedro Cruz 0-0: Ball
1-0: Swinging Strike
1-1: Called Strike
1-2: SINGLE (Line Drive, 4MD)
Batting: SHB Ryan Ray 0-0: Sac Bunt - play at second, runner OUT! 1-6
Batting: RHB Sean Davis 0-0: Swinging Strike
0-1: DOUBLE (Groundball, 5L)
Ryan Ray to third
Runner from 3rd tries for Home, throw and OUT!
Top of the 6th over - 0 run(s), 2 hit(s), 0 error(s), 1 left on base; Brooklyn 5 - Atlanta 2
BOTTOM OF THE 6TH
Atlanta Smoke batting - Pitching for Brooklyn Dodgers : LHP Ryan Ray
Batting: RHB Bob Campbell 0-0: Called Strike
0-1: Foul Ball, location: 2F
0-2: Foul Ball, location: 2F
0-2: SINGLE (Line Drive, 7LM)
Batting: LHB Albert Morán 0-0: Ball
1-0: Called Strike
1-1: Ball
Wild Pitch!
Bob Campbell to second
2-1: SINGLE (Line Drive, 8LS)
Bob Campbell to third
Batting: LHB Juan Valdéz 0-0: Called Strike
Albert Morán is caught stealing 2nd base
0-1: Swinging Strike
0-2: Ball
1-2: Ball
2-2: Ball
3-2: Foul Ball, location: 2F
3-2: Foul Ball, location: 2F
3-2: Foul Ball, location: 2F
3-2: Strikes out swinging
Batting: RHB Leandro Tuzzi 0-0: Called Strike
0-1: Swinging Strike
0-2: Ball
1-2: Ball
2-2: Fly out, F4 (Popup, 4MD)
Bottom of the 6th over - 0 run(s), 2 hit(s), 0 error(s), 1 left on base; Brooklyn 5 - Atlanta 2
TOP OF THE 7TH
Brooklyn Dodgers batting - Pitching for Atlanta Smoke : RHP Lance Hodges
Batting: LHB Rubén López 0-0: SINGLE (Groundball, 4MD) (infield hit)
Batting: RHB Thom Wilcox 0-0: Ball
1-0: Ball
2-0: Ball
3-0: Called Strike
3-1: Foul Ball, location: 2F
3-2: Base on Balls
Rubén López to second
Batting: LHB Ray Sears 0-0: Ball
1-0: Ball
2-0: DOUBLE (Line Drive, 89XD)
Rubén López scores
Thom Wilcox to third
Pitching: LHP Rick Payne
Batting: LHB Pancho García 0-0: Foul Ball, location: 2F
0-1: Ball
1-1: Ball
2-1: Ball
3-1: Called Strike
3-2: Base on Balls
Batting: LHB Chris Gregory 0-0: Called Strike
0-1: Ball
1-1: SINGLE (Groundball, 13) (infield hit)
Thom Wilcox scores
Ray Sears to third
Pancho García to second
Batting: LHB Roberto Rodríguez 0-0: Swinging Strike
0-1: SINGLE (Groundball, 34D)
Ray Sears scores
Pancho García to third
Chris Gregory to second
Runner from 3rd tries for Home, throw and OUT!
Chris Gregory to third
Roberto Rodríguez to second
Batting: RHB Pedro Cruz 0-0: Called Strike
0-1: Called Strike
0-2: Ball
1-2: Foul Ball, location: 2F
1-2: Strikes out swinging
Pinch Hitting: RHB Luis Rivas 0-0: Foul Ball, location: 2F
0-1: Swinging Strike
0-2: Strikes out looking
Top of the 7th over - 3 run(s), 4 hit(s), 0 error(s), 2 left on base; Brooklyn 8 - Atlanta 2
BOTTOM OF THE 7TH
Atlanta Smoke batting - Pitching for Brooklyn Dodgers : LHP Ryan Ray
Pitching: RHP Angus Barlow
Batting: RHB Russell Jackson 0-0: Ball
1-0: Ball
2-0: Foul Ball, location: 2F
2-1: Foul Ball, location: 2F
2-2: Fly out, F5 (Popup, 5SF)
Batting: LHB Mike Blue 0-0: Fly out, F7 (Flyball, 7M)
Pinch Hitting: RHB Scott Forrest 0-0: Ball
1-0: Called Strike
1-1: Ball
2-1: Foul Ball, location: 2F
2-2: Ball
3-2: Fly out, F7 (Flyball, 78M)
Bottom of the 7th over - 0 run(s), 0 hit(s), 0 error(s), 0 left on base; Brooklyn 8 - Atlanta 2
TOP OF THE 8TH
Brooklyn Dodgers batting - Pitching for Atlanta Smoke : LHP Rick Payne
Pitching: RHP Mike Farrell
Batting: RHB Sean Davis 0-0: Called Strike
0-1: Foul Ball, location: 2F
0-2: Ball
1-2: Ball
2-2: Ground out 6-3 (Groundball, 6)
Batting: LHB Rubén López 0-0: Called Strike
0-1: Ball
1-1: Ball
2-1: Swinging Strike
2-2: Ball
3-2: Strikes out swinging
Batting: RHB Thom Wilcox 0-0: Foul Ball, location: 2F
0-1: Foul Ball, location: 2F
0-2: Ground out 5-3 (Groundball, 5)
Top of the 8th over - 0 run(s), 0 hit(s), 0 error(s), 0 left on base; Brooklyn 8 - Atlanta 2
BOTTOM OF THE 8TH
Atlanta Smoke batting - Pitching for Brooklyn Dodgers : RHP Angus Barlow
Now at 1B: Brad Perry
Batting: RHB Nathan Horton 0-0: Ball
1-0: Ball
2-0: SINGLE (Groundball, 34) (infield hit)
Batting: RHB Mal Bussard 0-0: Ball
1-0: Called Strike
1-1: Ball
2-1: Swinging Strike
2-2: Ball
3-2: Grounds into double play, 6-4-3 (Groundball, 6)
Batting: RHB Bob Campbell 0-0: DOUBLE (Flyball, 89XD)
Batting: LHB Albert Morán 0-0: Fly out, F7 (Flyball, 7D)
Bottom of the 8th over - 0 run(s), 2 hit(s), 0 error(s), 1 left on base; Brooklyn 8 - Atlanta 2
TOP OF THE 9TH
Brooklyn Dodgers batting - Pitching for Atlanta Smoke : RHP Mike Farrell
Batting: LHB Ray Sears 0-0: Swinging Strike
0-1: Ball
1-1: Ball
2-1: Ball
3-1: Base on Balls
Batting: LHB Pancho García 0-0: Ball
1-0: Foul Ball, location: 2F
1-1: Ball
2-1: Fly out, F8 (Flyball, 8LXD)
Batting: LHB Chris Gregory 0-0: Called Strike
0-1: Foul Ball, location: 2F
0-2: Ball
1-2: Ball
2-2: Strikes out swinging
Pitching: RHP Brandon Bannatyne
Batting: LHB Roberto Rodríguez 0-0: Ball
1-0: Ball
2-0: Called Strike
2-1: Foul Ball, location: 2F
2-2: Fly out, F9 (Flyball, 9LMF)
Top of the 9th over - 0 run(s), 0 hit(s), 0 error(s), 1 left on base; Brooklyn 8 - Atlanta 2
BOTTOM OF THE 9TH
Atlanta Smoke batting - Pitching for Brooklyn Dodgers : RHP Angus Barlow
Batting: LHB Juan Valdéz 0-0: Ball
1-0: Ball
2-0: Called Strike
2-1: Foul Ball, location: 2F
2-2: Ground out 5-3 (Groundball, 56S)
Batting: RHB Leandro Tuzzi 0-0: Ball
1-0: Fly out, F9 (Flyball, 9LS)
Batting: RHB Russell Jackson 0-0: Ball
1-0: Foul Ball, location: 2F
1-1: DOUBLE (Line Drive, 7LS)
Batting: LHB Mike Blue 0-0: DOUBLE (Line Drive, 7LS)
Russell Jackson scores
Batting: RHB Brandon Bannatyne 0-0: Foul Ball, location: 2F
0-1: Ball
1-1: Ball
2-1: Fly out, F8 (Flyball, 8RS)
Bottom of the 9th over - 1 run(s), 2 hit(s), 0 error(s), 1 left on base; Brooklyn 8 - Atlanta 3
This league is powered by Out of the Park Baseball, the baseball management simulation game for PC, Mac and Linux
Saturday, July 25th, 2015 - OOTP Baseball 15.6 Build 34